 Dungeon Crawl Stone Soup version 0.22-a0-558-gc224181 (webtiles) character file.

55853 vishdafish the Spear-Bearer (level 14, 0/113 HPs)
             Began as a Demonspawn Berserker on June 26, 2018.
             Was the Champion of Trog.
             Slain by a seven-headed hydra (4 damage)
             ... on level 6 of the Lair of Beasts.
             The game lasted 00:35:27 (19345 turns).

vishdafish the Spear-Bearer (Demonspawn Berserker) Turns: 19345, Time: 00:35:27

Health: 0/113      AC: 21    Str: 22    XL:     14   Next: 39%
Magic:  14/14      EV:  2    Int: 18    God:    Trog [******]
Gold:   1135       SH:  0    Dex: 25    Spells: 13/13 levels left

rFire    . . .     SeeInvis .   O - +1 demon trident (venom)
rCold    + . .     Gourm    +   G - +0 buckler
rNeg     + + +     Faith    .   v - +0 chain mail
rPois    ∞         Spirit   .   Q - +1 hat {MR+}
rElec    +         Reflect  .   i - +2 cloak {rC+}
rCorr    .         Harm     .   h - +0 pair of gloves
MR       ++...                  (boots unavailable)
Stlth    +.........             l - amulet of the gourmand
HPRegen  0.28/turn              D - ring "Maun" {Wiz Str+4 Int+4 Dex+6}
MPRegen  0.14/turn              u - +5 ring of dexterity

@: petrified, berserk cooldown, slowed
A: claws 1, hooves 3, yellow scales 2, agile 1, nightstalker 2, powered by death
1, electricity resistance
a: Berserk, Trog's Hand, Brothers in Arms, Renounce Religion


You were on level 6 of the Lair of Beasts.
You worshipped Trog.
Trog was exalted by your worship.
You were hungry.

You visited 2 branches of the dungeon, and saw 17 of its levels.
You also visited: Ice Cave.

You collected 1225 gold pieces.
You spent 90 gold pieces at shops.

Inventory:

Hand Weapons
 O - a +1 demon trident of venom (weapon)
Missiles
 A - 3 javelins of penetration (quivered)
Armour
 h - a +0 pair of gloves (worn)
 i - a +2 cloak of cold resistance (worn)
 v - a +0 chain mail (worn)
 G - a +0 buckler (worn)
 Q - a +1 hat of magic resistance (worn)
Jewellery
 l - an amulet of the gourmand (around neck)
 u - a +5 ring of dexterity (right hand)
 D - the ring "Maun" (left hand) {Wiz Str+4 Int+4 Dex+6}
   (You took it off an orc on level 8 of the Dungeon)

   [ring of wizardry]

   It improves your spell success rate.
   It affects your strength (+4).
   It affects your intelligence (+4).
   It affects your dexterity (+6).
 E - an uncursed ring of see invisible
 F - an uncursed ring of flight
 I - an uncursed ring of stealth
 S - an uncursed ring of poison resistance
Wands
 e - a wand of random effects (42)
 B - a wand of polymorph (42)
 M - a wand of paralysis (11)
 R - a wand of flame (25)
 T - a wand of acid (10)
Scrolls
 b - 7 scrolls of immolation
 f - 3 scrolls of magic mapping
 p - 2 scrolls of amnesia {unknown}
 q - 4 scrolls of blinking
 s - 4 scrolls of fear
 w - 3 scrolls of remove curse
 x - a scroll of enchant weapon {unknown}
 y - a scroll of enchant armour {unknown}
 C - 2 scrolls of teleportation
 J - 3 scrolls of fog {unknown}
 K - a scroll of noise {unknown}
Potions
 a - a potion of haste
 d - 4 potions of lignification
 g - 4 potions of heal wounds
 j - 6 potions of flight
 k - 4 potions of might {unknown}
 m - 2 potions of magic
 n - 5 potions of curing
 r - 2 potions of cancellation {unknown}
 t - 4 potions of brilliance {unknown}
 z - 2 potions of ambrosia {unknown}
 H - 2 potions of invisibility {unknown}
 N - 2 potions of berserk rage
 P - 2 potions of mutation
 U - a potion of agility {unknown}
Comestibles
 c - 14 rations


   Skills:
 + Level 11.6 Fighting
 + Level 12.3 Polearms
 + Level 11.1 Armour
 + Level 10.2 Dodging
 - Level 1.0 Stealth
 + Level 9.3 Shields


You had 13 spell levels left.
You didn't know any spells.
Your spell library contained the following spells:

 Spells                   Type           Power        Failure   Level  Hunger
 Magic Dart               Conj           #...         43%         1    ##.....
 Bolt of Magma            Conj/Fire/Erth #.........   100%        5    ######.
 Iskenderun's Mystic Bla  Conj           #.......     99%         4    #####..
 Iron Shot                Conj/Erth      #.........   100%        6    #######
 Statue Form              Tmut/Erth      #........    100%        6    #######
 Shatter                  Erth           #.........   100%        9    #######
 Leda's Liquefaction      Hex/Erth       #.........   99%         4    #####..
 Fulminant Prism          Conj/Hex       #.........   99%         4    #####..
 Dazzling Spray           Conj/Hex       #.....       80%         3    ####...
 Force Lance              Conj/Tloc      #.......     99%         4    #####..
 Searing Ray              Conj           #.....       56%         2    ###....


Dungeon Overview and Level Annotations

Branches:
Dungeon (11/15)            Temple (0/1) D:4            Lair (6/6) D:10
 Shoals (0/4) Lair:4       Spider (0/4) Lair:2        Slime (0/5) Lair:6
    Orc (0/2) D:10

Altars:
Ashenzari
Dithmenos
Elyvilon
Gozag
Hepliaklqana
Okawaru
Qazlal
Sif Muna
Trog
Wu Jian
The Shining One
Beogh

Shops:
D:5 [!*   D:7 =   D:8 (


Innate Abilities, Weirdness & Mutations

You have hooves in place of feet.
You are mostly covered in yellow scales. (AC +3)
You are significantly more attuned to the shadows.
You regenerate a little health from kills.
You have sharp fingernails.
You are agile. (Dex +2)
You are resistant to electric shocks. (rElec)


Message History

The seven-headed hydra bites you but does no damage. x2
The seven-headed hydra bites you!
* * * LOW HITPOINT WARNING * * *
The seven-headed hydra bites you but does no damage.
The seven-headed hydra bites you!
* * * LOW HITPOINT WARNING * * *
The seven-headed hydra bites you!
* * * LOW HITPOINT WARNING * * *
The seven-headed hydra bites you!
* * * LOW HITPOINT WARNING * * *
The deep troll shaman bites you!
* * * LOW HITPOINT WARNING * * *
The deep troll shaman claws you but does no damage.
The deep troll shaman claws you!
* * * LOW HITPOINT WARNING * * *
The seven-headed hydra bites you but does no damage. x2
The seven-headed hydra bites you!
* * * LOW HITPOINT WARNING * * *
The seven-headed hydra bites you!
You die...

#..§# ...#. ##.......
#.P§# ..## #....... #..P#
#....... #...# .##.....#
#....... ##..# ..#.8.÷.##
#....... #..## 8..8÷.8.!#
##....... #...# .......$#
#...(.... #..†##..÷.DT$|#
##........ #.÷..#.8.8.@:#
#......... #P...##...%?##
#......... ##♣...###/)##
#..##........ #...#####
##.÷.##....... ##...###
###.♣...#.......
###...####.P.....##......
##.P............##.....
##....P.....P...##....
####...÷.....P.......


You could see a seven-headed hydra and a deep troll shaman.

Vanquished Creatures
  Gastronok (D:10)
  A frost giant (IceCv)
  A hydra (Lair:4)
  An anaconda (Lair:4)
  2 two-headed ogres
  4 death yaks
  Sonja (Lair:1)
  A wizard (D:10)
  Pikel (D:7)
  An orc knight (D:10)
  An oklob plant (Lair:6)
  A manticore (Lair:4)
  15 elephants
  An ice statue (IceCv)
  7 black mambas
  2 torpor snails (Lair:4)
  7 spiny frogs
  2 rime drakes
  2 ice devils (Lair:1)
  5 komodo dragons
  18 polar bears (IceCv)
  3 trolls
  A queen bee (D:9)
  36 blink frogs
  6 hippogriffs
  4 redbacks (Lair:2)
  50 yaks
  Sigmund (D:3)
  A vampire (D:10)
  3 wyverns (Lair:6)
  A basilisk (Lair:3)
  A hungry ghost (D:10)
  Grum (D:9)
  17 water moccasins
  Duvessa (D:6)
  6 porcupines
  A slave (D:7)
  4 ice beasts
  A sky beast (D:9)
  6 orc warriors
  An eye of draining (D:5)
  4 black bears
  3 ogres
  A phantom (D:10)
  11 crocodiles
  A centaur (D:10)
  29 wolves
  A big kobold (D:10)
  15 bullfrogs
  A gnoll sergeant (D:7)
  Dowan (D:6)
  A scorpion (D:9)
  A wyvern skeleton (D:9)
  17 killer bees (D:9)
  A vampire bat (D:3)
  2 electric eels (D:10)
  3 howler monkeys
  A bullfrog zombie (D:6)
  2 crimson imps
  A centaur zombie (D:9)
  3 jellies
  A quasit (D:8)
  8 hounds
  A gnoll shaman (D:4)
  10 orc priests
  2 bullfrog skeletons
  An iron imp (D:9)
  3 iguanas
  6 orc wizards
  14 worker ants
  A killer bee zombie (D:6)
  A hound zombie (D:6)
  A worker ant zombie (D:9)
  Robin (D:2)
  9 gnolls
  A howler monkey skeleton (D:6)
  13 adders
  3 oozes
  An adder skeleton (D:4)
  2 worms
  3 dart slugs
  3 fire bats (D:3)
  3 leopard geckos
  41 orcs
  2 spectral bats (D:3)
  3 bat skeletons (D:3)
  A bat zombie (D:3)
  7 giant cockroaches
  12 goblins
  10 hobgoblins
  8 jackals
  14 kobolds
  3 quokkas
  16 bats
  A bat simulacrum (D:3)
  3 frilled lizards
  A goblin zombie (D:9)
  3 hobgoblin zombies (D:9)
  A kobold skeleton (D:9)
  3 orc skeletons (D:9)
  A quokka skeleton (D:4)
  8 rats
  A bush (Lair:6)
546 creatures vanquished.

Vanquished Creatures (others)
  18 fungi
  10 plants (Lair:6)
28 creatures vanquished.

Grand Total: 574 creatures vanquished

Notes
Turn   | Place    | Note
-------+----------+-------------------------------------------
     0 | D:1      | vishdafish the Demonspawn Berserker began the quest for the Orb.
     0 | D:1      | Reached XP level 1. HP: 18/18 MP: 1/1
   112 | D:1      | Reached skill level 3 in Polearms
   151 | D:1      | Gained mutation: You are partially covered in yellow scales. (AC +2) [demonic ancestry]
   151 | D:1      | Reached XP level 2. HP: 17/24 MP: 2/2
   694 | D:1      | Reached ** piety under Trog
  1054 | D:2      | Reached XP level 3. HP: 29/29 MP: 3/3
  1336 | D:2      | Found a shattered altar of Ashenzari.
  1460 | D:2      | Noticed Robin
  1476 | D:2      | Reached XP level 4. HP: 35/35 MP: 4/4
  1486 | D:2      | Killed Robin
  1486 | D:2      | Reached skill level 4 in Polearms
  1942 | D:3      | Reached *** piety under Trog
  1970 | D:3      | Gained mutation: You have large cloven feet. [demonic ancestry]
  1970 | D:3      | Reached XP level 5. HP: 41/42 MP: 5/5
  2372 | D:3      | Reached skill level 5 in Polearms
  2390 | D:3      | Gained mutation: You have hoof-like feet. [demonic ancestry]
  2390 | D:3      | Reached XP level 6. HP: 18/48 MP: 6/6
  2752 | D:3      | Noticed Sigmund
  2772 | D:3      | Killed Sigmund
  2995 | D:4      | Reached XP level 7. HP: 18/54 MP: 7/7
  3249 | D:4      | Found a hazy altar of Hepliaklqana.
  3313 | D:4      | Found a staircase to the Ecumenical Temple.
  3392 | D:4      | Found a white marble altar of Elyvilon.
  3520 | D:4      | Reached skill level 6 in Polearms
  4143 | D:5      | Entered Level 5 of the Dungeon
  4143 | D:5      | Found Geleudatt's Distillery.
  4148 | D:5      | Bought a potion of curing for 36 gold pieces
  4305 | D:5      | Found Xuvvim's Assorted Antiques.
  4320 | D:5      | Bought a white potion for 27 gold pieces
  4320 | D:5      | Bought an amethyst potion for 27 gold pieces
  4453 | D:5      | Reached **** piety under Trog
  4453 | D:5      | Reached skill level 1 in Stealth
  4579 | D:5      | Gained mutation: Your magical capacity is low. (-10% MP) [potion of mutation]
  4579 | D:5      | Gained mutation: You are clumsy. (Dex -2) [potion of mutation]
  4579 | D:5      | Gained mutation: You have hooves in place of feet. [potion of mutation]
  4580 | D:5      | Lost mutation: Your magical capacity is low. (-10% MP) [potion of mutation]
  4580 | D:5      | Lost mutation: You are clumsy. (Dex -2) [potion of mutation]
  4580 | D:5      | Gained mutation: You are weak. (Str -2) [potion of mutation]
  4580 | D:5      | Lost mutation: You are weak. (Str -2) [potion of mutation]
  4583 | D:5      | Found a deep blue altar of Sif Muna.
  4619 | D:5      | Found a shadowy altar of Dithmenos.
  4640 | D:5      | Found Gonoronlu's Armour Shoppe.
  4679 | D:5      | Found a bloodstained altar of Trog.
  4917 | D:6      | Reached XP level 8. HP: 61/61 MP: 8/8
  4956 | D:6      | Noticed Duvessa
  4956 | D:6      | Noticed Dowan
  4972 | D:6      | Killed Duvessa
  4972 | D:6      | Reached skill level 7 in Polearms
  4979 | D:6      | Killed Dowan
  5115 | D:6      | Found an opulent altar of Gozag.
  5304 | D:6      | You fall through a shaft for 2 floors!
  5304 | D:8      | Noticed a two-headed ogre
  5354 | D:8      | Killed a two-headed ogre
  5354 | D:8      | Reached skill level 5 in Fighting
  5354 | D:8      | Reached skill level 8 in Polearms
  5354 | D:8      | Reached skill level 5 in Armour
  5354 | D:8      | Gained mutation: You are mostly covered in yellow scales. (AC +3) [demonic ancestry]
  5354 | D:8      | Reached XP level 9. HP: 68/68 MP: 9/9
  5429 | D:8      | Found an iron altar of Okawaru.
  5484 | D:7      | Found Acuth's Jewellery Boutique.
  5525 | D:6      | Found a bloodstained altar of Trog.
  6037 | D:7      | Received a gift from Trog
  6150 | D:7      | Noticed Pikel
  6166 | D:7      | Killed Pikel
  6166 | D:7      | Reached skill level 1 in Shields
  6197 | D:7      | Found an ornate altar of the Wu Jian Council.
  6297 | D:7      | Received a gift from Trog
  6763 | D:8      | Found Duboplea's Antique Weapon Boutique.
  7206 | D:8      | Got a fine amber ring
  7211 | D:8      | Identified the ring "Maun" {Wiz Str+4 Int+4 Dex+6} (You took it off an orc on level 8 of the Dungeon)
  7396 | D:8      | Reached skill level 5 in Dodging
  7538 | D:9      | Noticed Grum
  7677 | D:9      | Gained mutation: You regenerate a little health from kills. [demonic ancestry]
  7677 | D:9      | Reached XP level 10. HP: 77/77 MP: 10/10
  7683 | D:9      | Killed Grum
  7683 | D:9      | Reached skill level 9 in Polearms
  7765 | D:9      | Found a stormy altar of Qazlal.
  7845 | D:9      | Found a glowing golden altar of the Shining One.
  7905 | D:9      | Reached ***** piety under Trog
  8869 | D:10     | Entered Level 10 of the Dungeon
  8875 | D:10     | Noticed Gastronok
  8894 | D:10     | Killed Gastronok
  8894 | D:10     | Gained mutation: You are slightly more attuned to the shadows. [demonic ancestry]
  8894 | D:10     | Reached XP level 11. HP: 76/85 MP: 11/11
  9443 | D:10     | Noticed a wizard
  9445 | D:10     | Killed a wizard
  9445 | D:10     | Received a gift from Trog
  9445 | D:10     | Reached skill level 5 in Shields
  9454 | D:10     | Reached skill level 10 in Polearms
  9609 | D:10     | Noticed a two-headed ogre
  9632 | D:10     | Killed a two-headed ogre
  9868 | D:10     | Noticed an orc knight
  9869 | D:10     | Found a roughly hewn altar of Beogh.
  9876 | D:10     | Found a staircase to the Orcish Mines.
  9896 | D:10     | Killed an orc knight
 10279 | D:10     | Found a staircase to the Lair.
 10306 | D:10     | Lost mutation: You have hooves in place of feet. [potion of mutation]
 10306 | D:10     | Gained mutation: You are occasionally teleported next to monsters. [potion of mutation]
 10306 | D:10     | Gained mutation: You are resistant to electric shocks. (rElec) [potion of mutation]
 10306 | D:10     | Gained mutation: Your magical capacity is low. (-10% MP) [potion of mutation]
 10306 | D:10     | Gained mutation: You are resistant to hostile enchantments. (MR+) [potion of mutation]
 10307 | D:10     | Lost mutation: You are occasionally teleported next to monsters. [potion of mutation]
 10307 | D:10     | Lost mutation: You are resistant to hostile enchantments. (MR+) [potion of mutation]
 10307 | D:10     | Lost mutation: Your magical capacity is low. (-10% MP) [potion of mutation]
 10307 | D:10     | Gained mutation: You have sharp fingernails. [potion of mutation]
 10307 | D:10     | Gained mutation: You are agile. (Dex +2) [potion of mutation]
 10407 | Lair:1   | Entered Level 1 of the Lair of Beasts
 10654 | Lair:1   | Found a frozen archway.
 10697 | IceCv    | Entered an ice cave
 11244 | IceCv    | Reached XP level 12. HP: 95/95 MP: 12/12
 11687 | IceCv    | Noticed a frost giant
 11808 | IceCv    | Killed a frost giant
 11902 | IceCv    | Received a gift from Trog
 12916 | Lair:1   | Noticed Sonja
 12926 | Lair:1   | Killed Sonja
 12926 | Lair:1   | Reached skill level 11 in Polearms
 13727 | Lair:2   | Reached skill level 10 in Fighting
 14280 | Lair:2   | Found a hole to the Spider Nest.
 15148 | Lair:3   | Gained mutation: You have hooves in place of feet. [demonic ancestry]
 15148 | Lair:3   | Reached XP level 13. HP: 103/103 MP: 13/13
 15896 | Lair:3   | Received a gift from Trog
 15901 | Lair:3   | Reached skill level 10 in Armour
 16071 | Lair:4   | Reached ****** piety under Trog
 16680 | Lair:4   | Found a staircase to the Shoals.
 17135 | Lair:4   | Found a runed door.
 17767 | Lair:5   | Reached skill level 12 in Polearms
 17778 | Lair:5   | Gained mutation: You are significantly more attuned to the shadows. [demonic ancestry]
 17778 | Lair:5   | Reached XP level 14. HP: 105/113 MP: 14/14
 18362 | Lair:6   | Entered Level 6 of the Lair of Beasts
 18443 | Lair:6   | Reached skill level 10 in Dodging
 18466 | Lair:6   | Received a gift from Trog
 18975 | Lair:6   | Found a staircase to the Slime Pits.
 19345 | Lair:6   | HP: 4/113 [seven-headed hydra (5)]
 19345 | Lair:6   | Slain by a seven-headed hydra

Vault maps used:
D:1:      minmay_arrival_four_houses
D:2:      lemuel_crystal_altar, uniq_robin
D:3:      first_ration, corexii_leaking_fountain, goddamned_bats, uniq_sigmund
D:4:      elyvilon_altar_4, kennysheep_mini, minmay_temple_entry_trees,
          hangedman_abyss_or_decor_lesser_grid, minmay_bent
D:5:      trog_eyes_of_draining, kennysheep_mini_moat, old_standard_altar,
          serial_curves, eino_curves_03, eino_curves_04, serial_shops,
          nicolae_shop_crystal, nicolae_shop_stone, shop
D:6:      basic_altar, grunt_gozag_breadcrumbs, uniq_duvessa
D:7:      old_standard_altar, serial_shops, nicolae_shop_behind_doors,
          uniq_pikel
D:8:      serial_shops, nicolae_shop_statue_plus, kennysheep_okawaru_gauntlet
D:9:      nicolae_qazlal_general_emergency, nicolae_tso_besieged_by_evil,
          david_nohive_1, uniq_grum
D:10:     erik_lair_island, david_orc_5, item_on_display_a, uniq_gastronok
Lair:1:   portal_ice_cave_demonic_guard, cheibrodos_lair_reptile_den, uniq_sonja
Lair:2:   spider_nest_entry_webs
Lair:3:   st_stairs_4, zaba_anthole, grunt_forest_small_clearing_treed
Lair:4:   beast_lair_carwin_large_3, minmay_shoals_entry_beasts, pf_torpor_hydra
Lair:5:   minmay_lindwurm_lava
Lair:6:   grunt_lair_end_beastmaster, dpeg_slime_entry_corner, st_stairs_3,
          minmay_lair_oklob_bushes
IceCv:    ice_cave_small_giant

Skill      XL: |  1  2  3  4  5  6  7  8  9 10 11 12 13 14 |
---------------+-------------------------------------------+-----
Polearms       | 3 4 5 6 8 9 10 11 12 | 12.3
Dodging        | 2 3 5 6 7 8 9 10 | 10.2
Armour         | 2 3 5 6 7 8 9 10 11 | 11.1
Fighting       | 4 5 6 7 9 10 11 | 11.6
Stealth        | 1 |  1.0
Shields        | 2 4 6 7 8 9 |  9.3

Action                   |  1- 3 |  4- 6 |  7- 9 | 10-12 | 13-15 || total
-------------------------+-------+-------+-------+-------+-------++-------
Melee: Spear             |   137 |   268 |   557 |   758 |       ||  1720
       Kick              |       |       |    76 |   402 |   325 ||   803
       Demon trident     |       |       |       |   207 |   559 ||   766
Invok: Berserk           |     1 |     4 |    14 |    27 |    11 ||    57
Evoke: Wand              |       |       |       |    11 |       ||    11
  Use: Scroll            |       |     4 |     4 |     2 |     5 ||    15
       Potion            |       |     1 |     3 |     8 |       ||    12
 Stab: Sleeping          |     2 |       |       |       |       ||     2
       Distracted        |       |       |       |     1 |       ||     1
       Paralysed         |       |       |       |     9 |       ||     9
  Eat: Chunk             |    10 |       |    14 |    18 |    13 ||    55
       Ration            |       |       |     4 |    10 |     3 ||    17
Armor: Animal skin       |    44 |     5 |       |       |       ||    49
       Chain mail        |       |   175 |   269 |   268 |   149 ||   861
Dodge: Dodged            |    68 |   104 |   183 |   374 |   210 ||   939
Block: Buckler           |       |       |    17 |   192 |   119 ||   328

Table legend:
 A = Spawn XP
 B = Non-spawn XP
 C = Spawn XP percentage of total XP
 D = Spawn monster count
 E = Non-spawn monster count
 F = Spawn count percentage of total count
 G = Total turns spent on level
                    A         B        C        D         E        F      G
               +---------+---------+-------+---------+---------+-------+---------
         Total |       0 |   79791 |   0.0 |       0 |     544 |   0.0 | 19345
               +---------+---------+-------+---------+---------+-------+---------
           D:1 |       0 |      40 |   0.0 |       0 |      23 |   0.0 |  1040
           D:2 |       0 |      96 |   0.0 |       0 |      34 |   0.0 |   860
           D:3 |       0 |     511 |   0.0 |       0 |      34 |   0.0 |   970
           D:4 |       0 |     291 |   0.0 |       0 |      16 |   0.0 |  1273
           D:5 |       0 |     347 |   0.0 |       0 |      11 |   0.0 |   692
           D:6 |       0 |     739 |   0.0 |       0 |      20 |   0.0 |   785
           D:7 |       0 |    1439 |   0.0 |       0 |      24 |   0.0 |   980
           D:8 |       0 |    1883 |   0.0 |       0 |      17 |   0.0 |  1043
           D:9 |       0 |    3488 |   0.0 |       0 |      60 |   0.0 |  1314
          D:10 |       0 |    8941 |   0.0 |       0 |      66 |   0.0 |  1386
        Lair:1 |       0 |    6749 |   0.0 |       0 |      37 |   0.0 |  1838
        Lair:2 |       0 |    2591 |   0.0 |       0 |      16 |   0.0 |  1141
        Lair:3 |       0 |    4574 |   0.0 |       0 |      26 |   0.0 |   921
        Lair:4 |       0 |   17644 |   0.0 |       0 |      53 |   0.0 |  1503
        Lair:5 |       0 |    6793 |   0.0 |       0 |      23 |   0.0 |   883
        Lair:6 |       0 |   13614 |   0.0 |       0 |      48 |   0.0 |   983
         IceCv |       0 |   10051 |   0.0 |       0 |      36 |   0.0 |  1669
               +---------+---------+-------+---------+---------+-------+---------
